 Dungeon Crawl Stone Soup version 0.19.0-24-gb05acd6 (console) character file.

148 Jesseh the Digger (level 5, 0/28 HPs)
             Began as a Gargoyle Earth Elementalist on Nov 20, 2016.
             Slain by a worker ant (6 damage)
             ... on level 4 of the Dungeon.
             The game lasted 00:17:33 (2134 turns).

Jesseh the Digger (Gargoyle Earth Elementalist)     Turns: 2134, Time: 00:17:33

Health: 0/28       AC:  7    Str: 11    XL:     5   Next: 30%
Magic:  0/10       EV: 12    Int: 17    God:
Gold:   183        SH:  0    Dex: 10    Spells: 2 memorised, 7 levels left

rFire  . . .     SeeInvis .     n - +1 dagger (flame)
rCold  . . .     Gourm    .     c - +0 robe
rNeg   + . .     Faith    .     (no shield)
rPois  ∞         Spirit   .     (no helmet)
rElec  +         Reflect  .     (no cloak)
rCorr  .         Harm     .     q - +0 pair of gloves
MR     +....                    (no boots)
Stlth  ++........               (no amulet)
                                (no ring)
                                y - ring of protection from magic

@: very slightly contaminated
A: negative energy resistance 1, electricity resistance, unbreathing,
petrification resistance, rot immunity, AC +4
a: no special abilities


You were on level 4 of the Dungeon.
You were not hungry.

You visited 1 branch of the dungeon, and saw 3 of its levels.

You collected 183 gold pieces.

Inventory:

Hand Weapons
 a - a +0 mace
   (You found it on level 1 of the Dungeon)
 n - a +1 dagger of flaming (weapon)
   (You took it off a goblin on level 1 of the Dungeon)
Missiles
 b - 103 stones (quivered)
Armour
 c - a +0 robe (worn)
 q - a +0 pair of gloves (worn)
   (You found it on level 1 of the Dungeon)
Jewellery
 t - an uncursed ring of ice
   (You found it on level 2 of the Dungeon)
 w - an uncursed ring of fire
   (You found it on level 2 of the Dungeon)
 y - a ring of protection from magic (left hand)
   (You found it on level 4 of the Dungeon)
Wands
 z - a wand of digging (13/24)
   (You found it on level 4 of the Dungeon)
Scrolls
 f - a scroll of identify {unknown}
 h - 2 scrolls of remove curse {unknown}
 j - 2 scrolls of magic mapping {unknown}
 l - a scroll of random uselessness {unknown}
 o - a scroll of teleportation {unknown}
 p - a scroll of immolation {unknown}
 r - a scroll of amnesia {unknown}
 u - a scroll of blinking {unknown}
 A - a scroll of enchant weapon {unknown}
Potions
 g - a potion of curing {unknown}
 i - 4 potions of lignification {unknown}
 k - a potion of might {unknown}
 m - 2 potions of agility {unknown}
 s - 2 potions of mutation {unknown}
 x - a potion of cancellation {unknown}
Books
 e - a book of Geomancy
Comestibles
 d - 9 chunks of flesh
 v - 2 meat rations


   Skills:
 - Level 1.5 Dodging
 - Level 2.1 Stealth
 * Level 3.7 Spellcasting
 + Level 2.0 Conjurations
   Level 0.7 Transmutations
 + Level 4.8 Earth Magic


You had 7 spell levels left.
You knew the following spells:

 Your Spells              Type           Power        Failure   Level  Hunger
a - Sandblast             Erth           ###...       2%          1    None
b - Stone Arrow           Conj/Erth      ##....       14%         3    ###....


Dungeon Overview and Level Annotations

Branches:
Dungeon (2/15)

Altars:
Gozag
Nemelex Xobeh
Okawaru

Annotations:
D:4 Vesto's ghost, amateur OpFE


Innate Abilities, Weirdness & Mutations

You are resistant to torment.
Your stone body is resilient. (AC +4)
You are immune to poison.
You resist negative energy. (rN+)
You are resistant to electric shocks. (rElec)
You can survive without breathing.
You are immune to petrification.
You are immune to rotting.


Message History

The orc hits you but does no damage.
You don't have enough magic to cast that spell.
Unknown command.
You hit the ooze but do no damage. The ooze barely misses you.
The orc barely misses you.
You hit the ooze but do no damage. The ooze hits you but does no damage.
The orc barely misses you.
You hit the ooze. You burn the ooze. The ooze barely misses you.
The orc closely misses you.
You barely miss the ooze. The ooze misses you. The orc closely misses you.
You hit the ooze. You burn the ooze.
You kill the ooze!
The orc hits you with a club.
You hit the orc. You burn the orc.
You kill the orc!
Items here: )) †† a club; a dagger; an orc corpse x2
You butcher the orc corpse.
d - 6 chunks of flesh (gained 3)
Things that are here:
a club; a dagger; an orc corpse You butcher the orc corpse.
d - 9 chunks of flesh (gained 3)
Things that are here:
a club; a dagger; an orc skeleton
Things that are here:
a club; a chain mail There isn't anything to butcher here.
You see here 20 bolts.
v - 2 meat rations (gained 1)
You see here a howler monkey corpse.
You butcher the howler monkey corpse.
Some of the chunks of flesh in your inventory have rotted away.
d - 11 chunks of flesh (gained 3)
You hear the slow rusting of a distant drain.
Some of the chunks of flesh in your inventory have rotted away.
Found a stone staircase leading down.
Found a stone staircase leading up.
Found a stone staircase leading up.
There is an open door here.
Some of the chunks of flesh in your inventory have rotted away.
A frilled lizard comes into view.
You can't see any susceptible monsters within range! (Use Z to cast anyway.) Unknown command.
You can't see any susceptible monsters within range! (Use Z to cast anyway.) Unknown command.
The frilled lizard hisses angrily.
You see here a scroll labeled GEAK BAMISIE.
Aim: a frilled lizard The blast of sand hits the frilled lizard.
You kill the frilled lizard!
A worker ant and a player ghost come into view.
Vesto's ghost turns its malevolent gaze towards you.
The worker ant twitches its antennae in your direction.
You hear a shout!
You see here a scroll labeled GEAK BAMISIE.
Aim: Vesto's ghost The blast of sand hits Vesto's ghost.
Vesto's ghost stares at you and mumbles some strange words.
The flame tongue hits you!
Aim: Vesto's ghost (moderately damaged)
The blast of sand hits Vesto's ghost.
Aim: Vesto's ghost (heavily damaged)
The blast of sand hits Vesto's ghost.
Vesto's ghost hits you but does no damage.
You closely miss Vesto's ghost.
You hear the rusting of a distant drain.
Vesto's ghost hits you.
* * * LOW HITPOINT WARNING * * *
Aim: Vesto's ghost (heavily damaged)
The blast of sand hits the worker ant.
The worker ant closely misses you.
The worker ant bites you but does no damage.
You hit the worker ant. You burn the worker ant. The worker ant bites you.
* * * LOW HITPOINT WARNING * * *
Aim: Vesto's ghost (heavily damaged)
The blast of sand hits the worker ant.
The worker ant barely misses you.
Aim: a worker ant (heavily wounded)
The blast of sand misses the worker ant.
The worker ant barely misses you.
Aim: a worker ant (heavily wounded)
The blast of sand hits the worker ant.
The worker ant misses you.
Aim: a worker ant (heavily wounded)
The blast of sand misses the worker ant.
The worker ant bites you.
* * * LOW HITPOINT WARNING * * *
The worker ant bites you but does no damage.
Aim: a worker ant (heavily wounded)
The blast of sand hits the worker ant.
The worker ant barely misses you.
You closely miss the worker ant.
The worker ant waves its antennae.
The worker ant bites you.
* * * LOW HITPOINT WARNING * * *
Aim: a worker ant (heavily wounded)
The blast of sand hits the worker ant.
The worker ant barely misses you.
Aim: a worker ant (severely wounded)
You miscast Sandblast.
You are very lightly contaminated with residual magic.
You are showered with tiny particles of grit.
The worker ant bites you.
You die...

▒.▒........▒ .
▒.......▒▒.▒
▒.▒..........▒▒
▒.▒......▒▒...▒
▒▒▒.▒<.....▒▒▒..▒
...▒...........▒ .
..▒.......▒▒▒▒▒
...▒▒▒.▒.......▒
.......▒8......▒▒.▒
▒......B............
▒▒▒▒▒▒▒▒▒▒▒▒▒▒.▒▒.▒▒
▒... ▒ ▒▒▒▒▒


You could see a worker ant.

Vanquished Creatures
  A howler monkey (D:4)
  2 hound skeletons (D:4)
  3 adders (D:4)
  An ooze (D:4)
  2 dart slugs (D:1)
  2 leopard geckos
  4 orcs (D:4)
  4 bats (D:1)
  3 giant cockroaches
  4 goblins
  4 hobgoblins
  6 frilled lizards
  A jackal skeleton (D:4)
  4 kobolds
  5 rats
46 creatures vanquished.

Notes
Turn   | Place    | Note
-------+----------+-------------------------------------------
     0 | D:1      | Jesseh the Gargoyle Earth Elementalist began the quest for the Orb.
     0 | D:1      | Reached XP level 1. HP: 10/10 MP: 3/3
   438 | D:1      | Reached XP level 2. HP: 15/15 MP: 1/5
   799 | D:1      | Reached skill level 4 in Earth Magic
  1006 | D:1      | Reached XP level 3. HP: 19/19 MP: 1/7
  1011 | D:1      | Learned a level 3 spell: Stone Arrow
  1212 | D:2      | Found a sparkling altar of Nemelex Xobeh.
  1213 | D:2      | Found an opulent altar of Gozag.
  1507 | D:2      | Found a faded altar of an unknown god.
  1507 | D:2      | Found a faded altar of an unknown god.
  1518 | D:2      | Found a faded altar of an unknown god.
  1520 | D:2      | Found an iron altar of Okawaru.
  1521 | D:2      | Found a faded altar of an unknown god.
  1818 | D:2      | You fall through a shaft for 2 floors!
  1850 | D:4      | Reached skill level 3 in Spellcasting
  1863 | D:4      | Reached XP level 4. HP: 22/24 MP: 1/8
  1964 | D:4      | Reached skill level 1 in Conjurations
  2015 | D:4      | Reached XP level 5. HP: 13/28 MP: 7/10
  2022 | D:4      | Reached skill level 2 in Conjurations
  2112 | D:4      | Noticed Vesto's ghost (amateur OpFE)
  2126 | D:4      | HP: 7/28 [worker ant (4)]
  2132 | D:4      | HP: 6/28 [worker ant (1)]
  2134 | D:4      | Slain by a worker ant

Skill      XL: |  1  2  3  4  5 |
---------------+----------------+-----
Earth Magic    | 4 |  4.8
Spellcasting   | 3 |  3.7
Conjurations   | 1 2 |  2.0
Dodging        | |  1.5
Stealth        | |  2.1
Transmutations | |  0.7

Action                   |  1- 3 |  4- 6 || total
-------------------------+-------+-------++-------
Melee: Unarmed           |     3 |       ||     3
       Mace              |     5 |       ||     5
       Dagger            |    30 |    25 ||    55
 Cast: Sandblast         |    54 |    25 ||    79
  Eat: Chunk             |     2 |       ||     2
       Bread ration      |     1 |       ||     1
Armor: Robe              |    22 |    18 ||    40
Dodge: Dodged            |    38 |    34 ||    72

Vault maps used:
D:1:      roderic_crossed_star
D:2:      grunt_temple_overflow_opulence, chequers_temple_overflow_minitemple
D:4:      kennysheep_mini_moat, portal_sewer_entry_f

Table legend:
 A = Turns spent in this place as a percentage of turns spent in the entire game.
 B = Non-inter-level travel turns spent in this place as a percentage of non-inter-level travel turns spent in the entire game.
 C = Inter-level travel turns spent in this place as a percentage of turns spent in this place.
 D = Turns resting spent in this place as a percentage of non-inter-level travel turns spent in this place.
 E = Turns spent auto-exploring this place as a percentage of non-inter-level travel turns spent in this place.
 F = Non-inter-level travel turns spent in this place divided by the number of levels of this place that you've seen.
                   A       B       C       D       E      F
               +-------+-------+-------+-------+-------+----------------------
         Total | 100.0 | 100.0 |   0.4 |   0.6 |   8.5 | 224.3
       Dungeon | 100.0 | 100.0 |   0.4 |   0.6 |   8.5 | 224.3
               +-------+-------+-------+-------+-------+----------------------

Table legend:
 A = Kills in this place as a percentage of kills in entire the game.
 B = Kills by you in this place as a percentage of kills by you in the entire game.
 C = Kills by friends in this place as a percentage of kills by friends in the entire game.
 D = Other kills in this place as a percentage of other kills in the entire game.
 E = Experience gained in this place as a percentage of experience gained in the entire game.
 F = Experience gained in this place divided by the number of levels of this place that you have seen.
                   A       B       C       D       E      F
               +-------+-------+-------+-------+-------+----------------------
         Total | 100.0 | 100.0 |  -nan |  -nan | 100.0 |  70.7
       Dungeon | 100.0 | 100.0 |  -nan |  -nan | 100.0 |  70.7
               +-------+-------+-------+-------+-------+----------------------
